TOP OF THE 1ST |
Little Rock Lemmiwinks batting - Pitching for Plumstead Eagles : RHP Jesús Germán
|
Pitching: RHP Jesús Germán
|
|
Batting: LHB Horace Kramer
|
0-0: Called Strike 0-1: Ball 1-1: Fly out, F7 (Flyball, 78M)
|
Batting: RHB Germán Vargas
|
0-0: Ball 1-0: Ball 2-0: SINGLE (Line Drive, 4D)
|
Batting: RHB Eduardo Rojas
|
0-0: Called Strike 0-1: Foul Ball, location: 2F 0-2: Foul Ball, location: 2F 0-2: Ball 1-2: Ball 2-2: Ball 3-2: Fly out, F8 (Line Drive, 78M)
|
Batting: RHB Artie Mills
|
0-0: Foul Ball, location: 2F 0-1: Swinging Strike 0-2: Fly out, F8 (Flyball, 8RM)
|
Top of the 1st over - 0 runs, 1 hit, 0 errors, 1 left on base; Little Rock 0 - Plumstead 0 |
BOTTOM OF THE 1ST |
Plumstead Eagles batting - Pitching for Little Rock Lemmiwinks : RHP Pablo Borges
|
Pitching: RHP Pablo Borges
|
|
Batting: LHB Mauro López
|
0-0: Called Strike 0-1: Ball 1-1: Ball 2-1: Swinging Strike 2-2: Strikes out looking
|
Batting: RHB Wayne Workman
|
0-0: Ball 1-0: Called Strike 1-1: Called Strike 1-2: Fly out, F9 (Line Drive, 9)
|
Batting: LHB Conan Bush
|
0-0: Ball 1-0: SOLO HOME RUN (Line Drive, 9D), Distance : 372 ft
|
Batting: LHB Jerry Tolbert
|
0-0: Ball 1-0: Swinging Strike 1-1: Called Strike 1-2: Foul Ball, location: 2F 1-2: Ball 2-2: Fly out, F3 (Line Drive, 3S)
|
Bottom of the 1st over - 1 run, 1 hit, 0 errors, 0 left on base; Little Rock 0 - Plumstead 1 |
TOP OF THE 2ND |
Little Rock Lemmiwinks batting - Pitching for Plumstead Eagles : RHP Jesús Germán
|
Batting: RHB Roberto Valdéz
|
0-0: Ball 1-0: Called Strike 1-1: Ball 2-1: Foul Ball, location: 2F 2-2: Foul Ball, location: 2F 2-2: Strikes out swinging
|
Batting: LHB Manny Robles
|
0-0: Ball 1-0: Ground out 4-3 (Groundball, 4)
|
Batting: RHB José Rodríguez
|
0-0: Swinging Strike 0-1: Ball 1-1: Ball 2-1: Called Strike 2-2: Ball 3-2: Ground out 6-3 (Groundball, 6)
|
Top of the 2nd over - 0 runs, 0 hits, 0 errors, 0 left on base; Little Rock 0 - Plumstead 1 |
BOTTOM OF THE 2ND |
Plumstead Eagles batting - Pitching for Little Rock Lemmiwinks : RHP Pablo Borges
|
Batting: RHB José Gonzáles
|
0-0: Called Strike 0-1: Ball 1-1: Ball 2-1: Ball 3-1: Called Strike 3-2: Strikes out swinging
|
Batting: SHB José Rincón
|
0-0: Called Strike 0-1: Ball 1-1: Ball 2-1: Ball 3-1: Foul Ball, location: 2F 3-2: Ground out 4-3 (Groundball, 4)
|
Batting: LHB Joe Rutherford
|
0-0: Called Strike 0-1: Ball 1-1: Ground out 1-3 (Groundball, 15)
|
Bottom of the 2nd over - 0 runs, 0 hits, 0 errors, 0 left on base; Little Rock 0 - Plumstead 1 |
TOP OF THE 3RD |
Little Rock Lemmiwinks batting - Pitching for Plumstead Eagles : RHP Jesús Germán
|
Batting: RHB Jack Crossey
|
0-0: Called Strike 0-1: Ball 1-1: Ball 2-1: DOUBLE (Line Drive, 89M)
|
Batting: RHB Norberto Gallardo
|
0-0: Ball 1-0: Ball 2-0: Ball 3-0: Base on Balls
|
Batting: LHB Horace Kramer
|
0-0: Ball 1-0: Foul Ball, location: 2F 1-1: Ball 2-1: Foul Ball, location: 2F 2-2: Foul Ball, location: 2F 2-2: Ball 3-2: Fly out, F6 (Popup, 6MD)
|
Batting: RHB Germán Vargas
|
0-0: Swinging Strike 0-1: Foul Ball, location: 2F 0-2: Ball 1-2: Fly out, F4 (Popup, 4S)
|
Batting: RHB Eduardo Rojas
|
0-0: Swinging Strike 0-1: Swinging Strike 0-2: Ball 1-2: Strikes out looking
|
Top of the 3rd over - 0 runs, 1 hit, 0 errors, 2 left on base; Little Rock 0 - Plumstead 1 |
BOTTOM OF THE 3RD |
Plumstead Eagles batting - Pitching for Little Rock Lemmiwinks : RHP Pablo Borges
|
Batting: LHB José Marín
|
0-0: Foul Ball, location: 2F 0-1: Swinging Strike 0-2: Ball 1-2: Strikes out swinging
|
Batting: LHB António Álvarez
|
0-0: Ball 1-0: Ball 2-0: Ground out U3 (Groundball, 3)
|
Batting: LHB Mauro López
|
0-0: Ball 1-0: Ball 2-0: Called Strike 2-1: Swinging Strike 2-2: Strikes out swinging
|
Bottom of the 3rd over - 0 runs, 0 hits, 0 errors, 0 left on base; Little Rock 0 - Plumstead 1 |
TOP OF THE 4TH |
Little Rock Lemmiwinks batting - Pitching for Plumstead Eagles : RHP Jesús Germán
|
Batting: RHB Artie Mills
|
0-0: Foul Ball, location: 2F 0-1: Foul Ball, location: 2F 0-2: Ball 1-2: Strikes out swinging
|
Batting: RHB Roberto Valdéz
|
0-0: Called Strike 0-1: Swinging Strike 0-2: DOUBLE (Line Drive, 8LXD)
|
Batting: LHB Manny Robles
|
0-0: Foul Ball, location: 2F 0-1: Swinging Strike 0-2: Strikes out swinging
|
Batting: RHB José Rodríguez
|
0-0: Foul Ball, location: 2F 0-1: Ball 1-1: Ball 2-1: Ball 3-1: Ground out 1-3 (Groundball, 13)
|
Top of the 4th over - 0 runs, 1 hit, 0 errors, 1 left on base; Little Rock 0 - Plumstead 1 |
BOTTOM OF THE 4TH |
Plumstead Eagles batting - Pitching for Little Rock Lemmiwinks : RHP Pablo Borges
|
Batting: RHB Wayne Workman
|
0-0: Ball 1-0: Ball 2-0: Called Strike 2-1: Ground out U3 (Groundball, 3)
|
Batting: LHB Conan Bush
|
0-0: Ball 1-0: Ball 2-0: Ball 3-0: Called Strike 3-1: Foul Ball, location: 2F 3-2: Strikes out swinging
|
Batting: LHB Jerry Tolbert
|
0-0: Foul Ball, location: 2F 0-1: Ball 1-1: Ball 2-1: Ball 3-1: Base on Balls
|
Batting: RHB José Gonzáles
|
0-0: Ball 1-0: Called Strike 1-1: Ball 2-1: Ground out 4-3 (Groundball, 34)
|
Bottom of the 4th over - 0 runs, 0 hits, 0 errors, 1 left on base; Little Rock 0 - Plumstead 1 |
TOP OF THE 5TH |
Little Rock Lemmiwinks batting - Pitching for Plumstead Eagles : RHP Jesús Germán
|
Batting: RHB Jack Crossey
|
0-0: Ball 1-0: Ball 2-0: Ball 3-0: Base on Balls
|
Batting: RHB Norberto Gallardo
|
0-0: Swinging Strike 0-1: Ball 1-1: Ball 2-1: Ball 3-1: Swinging Strike 3-2: Strikes out swinging
|
Batting: LHB Horace Kramer
|
0-0: Ball Wild Pitch! Jack Crossey to second 1-0: Ball 2-0: SINGLE (Line Drive, 4D) Jack Crossey to third
|
Batting: RHB Germán Vargas
|
0-0: Called Strike 0-1: Ball 1-1: Called Strike 1-2: Foul Ball, location: 2F 1-2: Ball 2-2: Strikes out swinging
|
Batting: RHB Eduardo Rojas
|
0-0: SINGLE (Groundball, 6D) Jack Crossey scores Horace Kramer to second Runner from 2nd tries for 3rd, OUT!
|
Top of the 5th over - 1 run, 2 hits, 0 errors, 1 left on base; Little Rock 1 - Plumstead 1 |
BOTTOM OF THE 5TH |
Plumstead Eagles batting - Pitching for Little Rock Lemmiwinks : RHP Pablo Borges
|
Batting: SHB José Rincón
|
0-0: Ball 1-0: Called Strike 1-1: Ground out 3-1 (Groundball, 34S)
|
Batting: LHB Joe Rutherford
|
0-0: Ground out 4-3 (Groundball, 34)
|
Batting: LHB José Marín
|
0-0: Called Strike 0-1: Ball 1-1: SINGLE (Groundball, 3D)
|
Batting: LHB António Álvarez
|
0-0: Ball 1-0: Ball 2-0: Ball José Marín steals 2nd base 3-0: Called Strike 3-1: Ground out 5-3 (Groundball, 5)
|
Bottom of the 5th over - 0 runs, 1 hit, 0 errors, 1 left on base; Little Rock 1 - Plumstead 1 |
TOP OF THE 6TH |
Little Rock Lemmiwinks batting - Pitching for Plumstead Eagles : RHP Jesús Germán
|
Batting: RHB Artie Mills
|
0-0: Called Strike 0-1: Swinging Strike 0-2: Ball 1-2: Strikes out swinging
|
Batting: RHB Roberto Valdéz
|
0-0: Ground out 6-3 (Groundball, 6)
|
Batting: LHB Manny Robles
|
0-0: Called Strike 0-1: Foul Ball, location: 2F 0-2: Foul Ball, location: 2F 0-2: Strikes out swinging
|
Top of the 6th over - 0 runs, 0 hits, 0 errors, 0 left on base; Little Rock 1 - Plumstead 1 |
BOTTOM OF THE 6TH |
Plumstead Eagles batting - Pitching for Little Rock Lemmiwinks : RHP Pablo Borges
|
Batting: LHB Mauro López
|
0-0: Ball 1-0: Ground out 4-3 (Groundball, 4)
|
Batting: RHB Wayne Workman
|
0-0: Called Strike 0-1: SINGLE (Groundball, 6MD)
|
Batting: LHB Conan Bush
|
0-0: Ball 1-0: Fly out, F1 (Popup, 15)
|
Batting: LHB Jerry Tolbert
|
0-0: Called Strike 0-1: Ground out 4-3 (Groundball, 4)
|
Bottom of the 6th over - 0 runs, 1 hit, 0 errors, 1 left on base; Little Rock 1 - Plumstead 1 |
TOP OF THE 7TH |
Little Rock Lemmiwinks batting - Pitching for Plumstead Eagles : RHP Jesús Germán
|
Pitching: RHP Yuan Si-ma
|
|
Batting: RHB José Rodríguez
|
0-0: Ball 1-0: Foul Ball, location: 2F 1-1: Swinging Strike 1-2: Ball 2-2: Foul Ball, location: 2F 2-2: Ball 3-2: Fly out, F8 (Flyball, 8RM)
|
Pinch Hitting: LHB José Pérez
|
0-0: Ball 1-0: Swinging Strike 1-1: Foul Ball, location: 2F 1-2: Ball 2-2: Strikes out swinging
|
Pinch Hitting: LHB Pablo Alvarado
|
0-0: Swinging Strike 0-1: Ball 1-1: Ball 2-1: Ball 3-1: Base on Balls
|
Pitching: LHP José López
|
|
Batting: LHB Horace Kramer
|
0-0: Ball 1-0: Ball 2-0: Fly out, F5 (Popup, 56)
|
Top of the 7th over - 0 runs, 0 hits, 0 errors, 1 left on base; Little Rock 1 - Plumstead 1 |
TOP OF THE 8TH |
Little Rock Lemmiwinks batting - Pitching for Plumstead Eagles : LHP José López
|
Pitching: RHP Davis Morgan
|
|
Now at 1B: Broderick Dempsey
|
|
Now at 2B: Jimmy Myers
|
|
Batting: RHB Germán Vargas
|
0-0: Foul Ball, location: 2F 0-1: Ball 1-1: Ball 2-1: Foul Ball, location: 2F 2-2: Hit by Pitch
|
Pinch Runner at 1st Glen Madden:
|
|
Batting: RHB Eduardo Rojas
|
0-0: Ball 1-0: Called Strike 1-1: Fly out, F3 (Popup, 3SF)
|
Batting: RHB Artie Mills
|
0-0: Ball 1-0: Ball 2-0: Foul Ball, location: 2F 2-1: Fly out, F3 (Popup, 3SF)
|
Batting: RHB Roberto Valdéz
|
0-0: Ball 1-0: Ball 2-0: Called Strike 2-1: Foul Ball, location: 2F 2-2: Ball 3-2: Foul Ball, location: 2F 3-2: Strikes out swinging
|
Top of the 8th over - 0 runs, 0 hits, 0 errors, 1 left on base; Little Rock 1 - Plumstead 2 |
BOTTOM OF THE 8TH |
Plumstead Eagles batting - Pitching for Little Rock Lemmiwinks : RHP Brian Harvey
|
Batting: RHB Jimmy Myers
|
0-0: Called Strike 0-1: Foul Ball, location: 2F 0-2: Ball 1-2: Ball 2-2: Foul Ball, location: 2F 2-2: Ball 3-2: Strikes out swinging, 2-3 out at first.
|
Batting: LHB Mauro López
|
0-0: Called Strike 0-1: Ball 1-1: Ball 2-1: Ball 3-1: Base on Balls
|
Batting: RHB Wayne Workman
|
0-0: Called Strike 0-1: Ball 1-1: Ball 2-1: Foul Ball, location: 2F 2-2: Ball 3-2: Base on Balls Mauro López to second
|
Batting: LHB Conan Bush
|
0-0: Called Strike 0-1: Fly out, F8 (Flyball, 8LD) Runner from 2nd tags up, SAFE at 3rd, no throw
|
Pitching: RHP José Antonio Peńa
|
|
Batting: LHB Jerry Tolbert
|
0-0: Called Strike 0-1: Ball 1-1: Foul Ball, location: 2F 1-2: Foul Ball, location: 2F 1-2: Ball 2-2: Foul Ball, location: 2F 2-2: Ball 3-2: Fly out, F9 (Flyball, 9S)
|
Bottom of the 8th over - 0 runs, 0 hits, 0 errors, 2 left on base; Little Rock 1 - Plumstead 2 |
TOP OF THE 9TH |
Little Rock Lemmiwinks batting - Pitching for Plumstead Eagles : RHP Davis Morgan
|
Pitching: RHP Michael Knight
|
|
Batting: LHB Manny Robles
|
0-0: Ground out 4-3 (Groundball, 4S)
|
Batting: RHB José Rodríguez
|
0-0: Called Strike 0-1: Ball 1-1: Foul Ball, location: 2F 1-2: Strikes out swinging
|
Batting: RHB Carlos Estrada
|
0-0: Called Strike 0-1: Ball 1-1: SINGLE (Groundball, 6MD)
|
Batting: LHB Ryan Martin
|
0-0: Fly out, F9 (Flyball, 9LM)
|
Top of the 9th over - 0 runs, 1 hit, 0 errors, 1 left on base; Little Rock 1 - Plumstead 2 |
|